 Dungeon Crawl Stone Soup version 0.24.0-37-gcf1ca852f1 (webtiles) character file.

Game seed: 8712854832083979215, levelgen mode: deterministic

445 Froggeryz the Chopper (level 7, -4/52 HPs)
             Began as a Formicid Fighter on Nov 26, 2019.
             Was a Follower of Okawaru.
             Killed by nerve-wracking pain
             ... invoked by Menkaure
              (8 damage)
             ... in an ossuary.
             The game lasted 00:04:18 (3067 turns).

Froggeryz the Chopper (Formicid Fighter)            Turns: 3067, Time: 00:04:18

Health: -4/52      AC:  9    Str: 21    XL:     7   Next: 24%
Magic:  7/7        EV:  7    Int:  9    God:    Okawaru [*.....]
Gold:   113        SH:  9    Dex: 10    Spells: 6/6 levels left

rFire    . . .     SeeInvis +   a - +0 war axe
rCold    . . .     Gourm    .   c - +0 shield
rNeg     . . .     Faith    .   b - +0 scale mail
rPois    .         Spirit   .   (helmet unavailable)
rElec    .         Reflect  .   i - +1 cloak
rCorr    .         Harm     .   (no gloves)
MR       .....                  (no boots)
Stlth    ..........             (no amulet)
HPRegen  0.17/turn              (no ring)
MPRegen  0.10/turn              (no ring)

@: no status effects
A: permanent stasis, dig shafts and tunnels, four strong arms, antennae 3
a: Dig, Shaft Self, Heroism, Renounce Religion


You were in an ossuary.
You worshipped Okawaru.
Okawaru was aware of your devotion.
You were near starving.

You visited 1 branch of the dungeon, and saw 4 of its levels.
You also visited: Ossuary.

You collected 113 gold pieces.

Inventory:

Hand Weapons
 a - a +0 war axe (weapon)
Armour
 b - a +0 scale mail (worn)
 c - a +0 shield (worn)
 i - a +1 cloak (worn)
Jewellery
 n - an uncursed ring of wizardry {unknown}
Wands
 q - a wand of polymorph (7)
Scrolls
 g - a scroll of fear {unknown}
 h - a scroll of magic mapping {unknown}
 k - 6 scrolls of identify {unknown}
 l - 5 scrolls of remove curse {unknown}
 m - a scroll of enchant weapon {unknown}
 o - a scroll of teleportation {unknown}
 p - 2 scrolls of enchant armour {unknown}
 r - 3 scrolls of amnesia {unknown}
 t - a scroll of noise {unknown}
Potions
 d - 2 potions of might
 j - a potion of brilliance {unknown}
Comestibles
 f - 5 rations


   Skills:
 - Level 3.2 Fighting
 * Level 7.3 Axes
 - Level 3.2 Armour
 - Level 3.6 Shields


You had 6 spell levels left.
You didn't know any spells.
Your spell library was empty.

Dungeon Overview and Level Annotations

Branches:
Dungeon (4/15)            Ossuary (1/1)
 Temple: D:4-7

Altars:
Cheibriados
Gozag
Makhleb
Nemelex Xobeh
Okawaru

Annotations:
Ossuary Menkaure


Innate Abilities, Weirdness & Mutations

You cannot be hasted, slowed, berserked, paralysed or teleported.
You can dig through walls and to a lower floor.
Your four strong arms can wield two-handed weapons with a shield.
You have a pair of large antennae on your head. (SInv)


Message History

Menkaure is almost destroyed.
You block Menkaure's attack. Menkaure hits you!!
You hit Menkaure.
Menkaure is almost destroyed.
Menkaure calls on the powers of darkness!
Your body is wracked with pain!
You hit Menkaure but do no damage.
Menkaure is almost destroyed.
Menkaure barely misses you. Menkaure hits you.
* * * LOW HITPOINT WARNING * * *
You barely miss Menkaure.
Menkaure is almost destroyed.
Menkaure hits you!
* * * LOW HITPOINT WARNING * * *
Unknown command.
You hit Menkaure but do no damage.
Menkaure is almost destroyed.
Menkaure gestures at you while chanting.
Pain shoots through your body!
You die...

##.^##..##..####..##..##..##
##..##^.##..## ##..##..##..##
##..##.^##..## ##..##..##..##
#.^##..##^^##{ { ##^.##..##..##
..##^.##..## { ##..##..##..#
.##..##..## {##..##..##..
##..##..## ##..##..##.
#..##..##############''##..##.^##
..##............@MM..^..##^.##..#
.##########################..##..
.^..^..^....^..^^.............##.
#################################
..^........^....^................
#################################


You could see Menkaure and a mummy.

Vanquished Creatures
  A phantom (D:4)
  A centaur (D:2)
  A scorpion (D:4)
  Ijyb (D:3)
  A hound skeleton (D:4)
  4 adders
  3 gnolls (D:3)
  2 oozes
  2 worms
  2 dart slugs
  4 leopard geckos
  An orc (D:3)
  3 giant cockroaches
  8 goblins
  7 hobgoblins
  4 jackals (D:1)
  8 kobolds
  A quokka (D:2)
  A ball python (D:2)
  11 bats
  10 frilled lizards
  3 gnoll skeletons (Ossuary)
  3 gnoll zombies (Ossuary)
  2 goblin skeletons (Ossuary)
  2 goblin zombies (Ossuary)
  5 hobgoblin skeletons (Ossuary)
  6 hobgoblin zombies (Ossuary)
  5 kobold skeletons (Ossuary)
  6 kobold zombies (Ossuary)
  4 orc skeletons (Ossuary)
  4 orc zombies (Ossuary)
  10 rats
  5 rat skeletons (Ossuary)
  3 rat zombies (Ossuary)
134 creatures vanquished.

Notes
Turn   | Place    | Note
-------+----------+-------------------------------------------
     0 | D:1      | Froggeryz the Formicid Fighter began the quest for the Orb.
     0 | D:1      | Reached XP level 1. HP: 18/18 MP: 1/1
   102 | D:1      | Reached XP level 2. HP: 16/24 MP: 2/2
   340 | D:1      | Reached skill level 3 in Axes
   362 | D:1      | Reached XP level 3. HP: 28/29 MP: 3/3
   709 | D:2      | Found an iron altar of Okawaru.
   722 | D:2      | Became a worshipper of Warmaster Okawaru
   856 | D:2      | Reached skill level 4 in Axes
   856 | D:2      | Reached XP level 4. HP: 29/35 MP: 4/4
   867 | D:2      | Noticed a centaur
   879 | D:2      | Killed a centaur
   879 | D:2      | Reached skill level 5 in Axes
   879 | D:2      | Reached XP level 5. HP: 11/41 MP: 5/5
   885 | D:2      | Reached * piety under Okawaru
  1746 | D:3      | Found a burning altar of Makhleb.
  1783 | D:3      | Reached XP level 6. HP: 45/47 MP: 6/6
  1999 | D:3      | Found a faded altar of an unknown god.
  2021 | D:3      | Found an opulent altar of Gozag.
  2021 | D:3      | Found a sparkling altar of Nemelex Xobeh.
  2026 | D:3      | Found a snail-covered altar of Cheibriados.
  2067 | D:3      | Noticed Ijyb
  2075 | D:3      | Killed Ijyb
  2075 | D:3      | Reached skill level 6 in Axes
  2506 | D:4      | Noticed a phantom
  2526 | D:4      | Killed a phantom
  2526 | D:4      | Reached skill level 7 in Axes
  2526 | D:4      | Reached XP level 7. HP: 8/52 MP: 7/7
  2543 | D:4      | Found a sand-covered staircase.
  2552 | Ossuary  | Entered an ossuary
  3055 | Ossuary  | Noticed Menkaure
  3067 | Ossuary  | Killed from afar by Menkaure

Levels and vault maps discovered:
D:1:      mrwooster_arrival_statue, layout_loops_ring
D:2:      layout_loops_ring, hex_large, minmay_misc_feat_secret_circle,
          hex_tiny, okawaru_trees_1
D:3:      layout_loops_ring, grunt_temple_overflow_open,
          chequers_ecumenical_altar_simple_redux, uniq_ijyb
D:4:      layout_basic, enter_ossuary_3, first_ration, serial_shops, shop
Ossuary:  ossuary_due_pyramid

Skill      XL: |  1  2  3  4  5  6 |
---------------+-------------------+-----
Axes           | 3 4 5 7 |  7.3
Fighting       | |  3.2
Armour         | |  3.2
Shields        | |  3.6

Action                   |  1- 3 |  4- 6 |  7- 9 || total
-------------------------+-------+-------+-------++-------
Melee: War axe           |   112 |   208 |   110 ||   430
  Use: Potion            |       |       |     1 ||     1
  Eat: Chunk             |       |     6 |       ||     6
Armor: Scale mail        |    62 |    62 |    22 ||   146
Dodge: Dodged            |    31 |    45 |    15 ||    91
Block: Shield            |    67 |   108 |    32 ||   207
